| Goals | Penalties |
1. Jets , Conor Garland 9 (Nate Schmidt 5) at 17:33
2. Blue Jackets , Tom Wilson 5 (Vladislav Namestnikov 4, Jordan Greenway 2) at 19:34 (SH)
|
Brenden Dillon (CLB) for Interference (Minor) at 3:56 Matvei Michkov (CLB) for Roughing (Minor) at 18:30
|
3. Blue Jackets , Tom Wilson 6 (Brandon Saad 8) at 8:30
4. Blue Jackets , Matt Duchene 6 (Matvei Michkov 1, David Perron 6) at 13:59
5. Jets , Conor Garland 10 (Dante Fabbro 5, Andreas Athanasiou 6) at 14:51
|
Sean Couturier (WIN) for High sticking (Minor) at 1:31 Ryan Johansen (WIN) for Holding (Minor) at 5:03 Andreas Athanasiou (WIN) for Fighting (Major) at 7:34 Josh Manson (CLB) for Fighting (Major) at 7:34 Luke Hughes (CLB) for Hooking (Minor) at 18:56
|
6. Blue Jackets , Tom Wilson 7 (Matt Duchene 11, David Perron 7) at 7:02
|
Brenden Dillon (CLB) for Hooking (Minor) at 3:15
|
|
Filip Gustavsson (CLB), 38 saves from 40 shots - (0,950), W, 5-1-2, 60:00 minutes
Jack Campbell (WIN), 32 saves from 36 shots - (0,889), L, 2-3-0, 60:00 minutes
|
|
1 - Tom Wilson (CLB)
2 - Filip Gustavsson (CLB)
3 - Conor Garland (WIN)
|
Referees : Kendrick Nicholson and Brandon Schrader
Linesman : Kyle Flemington and Steve Barton
|
|
9:07 of 1st period - Jets goal is going for a video replay. After video review, No Goal. The puck has been directed, batted or thrown into the net by an attacking player other than with a stick.
Andreas Athanasiou and Josh Manson fight to a draw at 7:34 of 2nd period
Tom Wilson has scored a Hat Trick!
|
|
Level 1 -- Attendance: 6000 (100,00%) -- Ticket Income $570,000
Level 2 -- Attendance: 5000 (100,00%) -- Ticket Income $300,000
Level 3 -- Attendance: 1509 (75,45%) -- Ticket Income $67,905
Level 4 -- Attendance: 3065 (76,63%) -- Ticket Income $82,755
Luxury Box -- Attendance: 726 (72,60%) -- Ticket Income $152,460
Game was played at the No Name Arena.
Total Attendance: 16300 (90,56%)
Total Ticket Income: $1,173,120
Other Income: $574,829
Total Income: $1,747,949
|
Blue Jackets
| 5 vs 5 Forward |
|---|
| Line # | Left Wing | Center | Right Wing | PHY | DF | OF | Wanted % | Time % | Time Play |
| 1 | Nikita Kucherov | Tyler Seguin | Troy Terry | 0 | 0 | 5 | 36 | 33% | 15:47
|
| 2 | David Perron | Matt Duchene | Matvei Michkov | 0 | 0 | 5 | 32 | 31% | 14:49
|
| 3 | Brandon Saad | Lars Eller | Tom Wilson | 0 | 1 | 4 | 21 | 21% | 10:16
|
| 4 | Vladislav Namestnikov | David Kampf | Jordan Greenway | 0 | 2 | 3 | 11 | 15% | 7:14
|
| 5 vs 5 Defense |
|---|
| Line # | Defense | Defense | | PHY | DF | OF | Wanted % | Time % | Time Play |
| 1 | Brenden Dillon | Josh Manson | | 1 | 2 | 2 | 38 | 39% | 18:45
|
| 2 | Connor Murphy | Erik Cernak | | 1 | 2 | 2 | 34 | 34% | 16:35
|
| 3 | Luke Hughes | Nicolas Hague | | 2 | 2 | 1 | 28 | 27% | 12:46
|
| 4 | Luke Hughes | Nicolas Hague | | 1 | 2 | 2 | 0 | 0% | 0:00
|
| Power Play Forward |
|---|
| Line # | Left Wing | Center | Right Wing | PHY | DF | OF | Wanted % | Time % | Time Play |
| 1 | Nikita Kucherov | Tyler Seguin | Matvei Michkov | 0 | 0 | 5 | 56 | 50% | 1:58
|
| 2 | David Perron | Matt Duchene | Troy Terry | 0 | 0 | 5 | 44 | 50% | 2:00
|
| Power Play Defense |
|---|
| Line # | Defense | Defense | | PHY | DF | OF | Wanted % | Time % | Time Play |
| 1 | Tom Wilson | Luke Hughes | | 0 | 0 | 5 | 60 | 55% | 2:11
|
| 2 | Brandon Saad | Connor Murphy | | 0 | 0 | 5 | 40 | 45% | 1:47
|
| Penalty Kill 4 Players Forward |
|---|
| Line # | Center | Wing | PHY | DF | OF | Wanted % | Time % | Time Play |
| 1 | David Kampf | Jordan Greenway | 1 | 4 | 0 | 60 | 73% | 5:49
|
| 2 | Vladislav Namestnikov | Tom Wilson | 1 | 4 | 0 | 40 | 27% | 2:07
|
| Penalty Kill 4 Players Defense |
|---|
| Line # | Defense | Defense | PHY | DF | OF | Wanted % | Time % | Time Play |
| 1 | Brenden Dillon | Erik Cernak | 1 | 4 | 0 | 60 | 70% | 5:32
|
| 2 | Nicolas Hague | Luke Hughes | 1 | 4 | 0 | 40 | 30% | 2:24
|
| Penalty Kill 3 Players |
|---|
| Line # | Wing | PHY | DF | OF | Wanted % | Time % | Time Play | Defense | Defense | PHY | DF | OF | Wanted % | Time % | Time Play |
| 1 | Lars Eller | 1 | 4 | 0 | 60 | 0% | 0:00
| Nicolas Hague | Luke Hughes | 1 | 2 | 2 | 60 | 0% | 0:00
|
| 2 | David Kampf | 1 | 4 | 0 | 40 | 0% | 0:00
| Erik Cernak | Josh Manson | 1 | 2 | 2 | 40 | 0% | 0:00
|
| 4 vs 4 Forward |
|---|
| Line # | Center | Wing | PHY | DF | OF | Wanted % | Time % | Time Play |
| 1 | Tyler Seguin | David Perron | 0 | 2 | 3 | 60 | 0% | 0:00
|
| 2 | Lars Eller | Brandon Saad | 0 | 2 | 3 | 40 | 0% | 0:00
|
| 4 vs 4 Defense |
|---|
| Line # | Defense | | PHY | DF | OF | Wanted % | Time % | Time Play |
| 1 | Josh Manson | Erik Cernak | 0 | 2 | 3 | 50 | 0% | 0:00
|
| 2 | Nicolas Hague | Luke Hughes | 0 | 2 | 3 | 50 | 0% | 0:00
|
| Last Minutes Offensive |
|---|
| Left Wing | Center | Right Wing | Defense | Defense |
| Nikita Kucherov | Tyler Seguin | Matvei Michkov | Matt Duchene | Josh Manson |
| Last Minutes Defensive |
|---|
| Left Wing | Center | Right Wing | Defense | Defense |
| Jordan Greenway | Lars Eller | David Kampf | Brenden Dillon | Josh Manson |
| Time |
|---|
| Total Forward | Total Defense | Last Minutes Offensive | Last Minutes Defensive |
| 60:00 |
60:00 |
0:00 | 0:00 |
| Extra Forwards |
|---|
| Normal | PowerPlay | Penalty Kill |
|
Matvei Michkov, Tom Wilson, Troy Terry | Matvei Michkov, Jordan Greenway | Tyler Seguin |
| Extra Defensemen |
|---|
| Normal | PowerPlay | Penalty Kill |
|
Josh Manson, Erik Cernak, Luke Hughes | Josh Manson, Erik Cernak | Luke Hughes |
| Penalty Shots |
|---|
|
Matt Duchene, Tyler Seguin, Matvei Michkov, Troy Terry, Lars Eller |
| Goalie |
|---|
| Filip Gustavsson, Logan Thompson |
| Custom OT Lines Forwards |
|---|
|
Troy Terry, Lars Eller, Tyler Seguin, Tom Wilson, David Perron, Brandon Saad, Matvei Michkov, Jordan Greenway, David Kampf, Vladislav Namestnikov |
| Custom OT Lines Defensemen |
|---|
|
Josh Manson, Erik Cernak, Nicolas Hague, Connor Murphy, Luke Hughes |
| Scratches |
|---|
|
Adam Gaudette (Healthy), Brett Howden (Healthy), Connor Clifton (Healthy) |
Jets
| 5 vs 5 Forward |
|---|
| Line # | Left Wing | Center | Right Wing | PHY | DF | OF | Wanted % | Time % | Time Play |
| 1 | Conor Garland | Ryan Johansen | Andreas Athanasiou | 1 | 2 | 2 | 30 | 31% | 14:53
|
| 2 | Ilya Mikheyev | Sean Couturier | Jakob Silfverberg | 1 | 2 | 2 | 30 | 26% | 12:44
|
| 3 | Victor Olofsson | Blake Wheeler | Emil Bemstrom | 1 | 2 | 2 | 25 | 25% | 12:03
|
| 4 | Zach Aston-Reese | Christian Dvorak | Rem Pitlick | 1 | 2 | 2 | 15 | 18% | 8:26
|
| 5 vs 5 Defense |
|---|
| Line # | Defense | Defense | | PHY | DF | OF | Wanted % | Time % | Time Play |
| 1 | Bowen Byram | Lane Hutson | | 1 | 2 | 2 | 34 | 35% | 16:57
|
| 2 | Logan Stanley | Dante Fabbro | | 1 | 2 | 2 | 33 | 34% | 16:16
|
| 3 | Nate Schmidt | Yegor Zamula | | 1 | 2 | 2 | 30 | 30% | 14:31
|
| 4 | Yegor Zamula | Nate Schmidt | | 1 | 2 | 2 | 3 | 1% | 0:22
|
| Power Play Forward |
|---|
| Line # | Left Wing | Center | Right Wing | PHY | DF | OF | Wanted % | Time % | Time Play |
| 1 | Ilya Mikheyev | Ryan Johansen | Conor Garland | 1 | 2 | 2 | 60 | 62% | 4:55
|
| 2 | Jakob Silfverberg | Emil Bemstrom | Victor Olofsson | 1 | 2 | 2 | 40 | 38% | 3:01
|
| Power Play Defense |
|---|
| Line # | Defense | Defense | | PHY | DF | OF | Wanted % | Time % | Time Play |
| 1 | Bowen Byram | Lane Hutson | | 1 | 2 | 2 | 60 | 67% | 5:18
|
| 2 | Dante Fabbro | Nate Schmidt | | 1 | 2 | 2 | 40 | 33% | 2:38
|
| Penalty Kill 4 Players Forward |
|---|
| Line # | Center | Wing | PHY | DF | OF | Wanted % | Time % | Time Play |
| 1 | Victor Olofsson | Jakob Silfverberg | 1 | 2 | 2 | 60 | 82% | 3:15
|
| 2 | Emil Bemstrom | Ilya Mikheyev | 1 | 2 | 2 | 40 | 18% | 0:43
|
| Penalty Kill 4 Players Defense |
|---|
| Line # | Defense | Defense | PHY | DF | OF | Wanted % | Time % | Time Play |
| 1 | Logan Stanley | Yegor Zamula | 1 | 2 | 2 | 60 | 49% | 1:57
|
| 2 | Nate Schmidt | Dante Fabbro | 1 | 2 | 2 | 40 | 51% | 2:01
|
| Penalty Kill 3 Players |
|---|
| Line # | Wing | PHY | DF | OF | Wanted % | Time % | Time Play | Defense | Defense | PHY | DF | OF | Wanted % | Time % | Time Play |
| 1 | Jakob Silfverberg | 1 | 2 | 2 | 60 | 0% | 0:00
| Dante Fabbro | Logan Stanley | 1 | 2 | 2 | 60 | 0% | 0:00
|
| 2 | Ilya Mikheyev | 1 | 2 | 2 | 40 | 0% | 0:00
| Yegor Zamula | Nate Schmidt | 1 | 2 | 2 | 40 | 0% | 0:00
|
| 4 vs 4 Forward |
|---|
| Line # | Center | Wing | PHY | DF | OF | Wanted % | Time % | Time Play |
| 1 | Conor Garland | Victor Olofsson | 1 | 2 | 2 | 60 | 0% | 0:00
|
| 2 | Jakob Silfverberg | Ilya Mikheyev | 1 | 2 | 2 | 40 | 0% | 0:00
|
| 4 vs 4 Defense |
|---|
| Line # | Defense | | PHY | DF | OF | Wanted % | Time % | Time Play |
| 1 | Lane Hutson | Logan Stanley | 1 | 2 | 2 | 60 | 0% | 0:00
|
| 2 | Dante Fabbro | Yegor Zamula | 1 | 2 | 2 | 40 | 0% | 0:00
|
| Last Minutes Offensive |
|---|
| Left Wing | Center | Right Wing | Defense | Defense |
| Christian Dvorak | Sean Couturier | Ryan Johansen | Logan Stanley | Yegor Zamula |
| Last Minutes Defensive |
|---|
| Left Wing | Center | Right Wing | Defense | Defense |
| Ilya Mikheyev | Conor Garland | Rem Pitlick | Nate Schmidt | Bowen Byram |
| Time |
|---|
| Total Forward | Total Defense | Last Minutes Offensive | Last Minutes Defensive |
| 60:00 |
60:00 |
0:00 | 0:00 |
| Extra Forwards |
|---|
| Normal | PowerPlay | Penalty Kill |
|
Jakob Silfverberg, Blake Wheeler, Ryan Johansen | Ilya Mikheyev, Victor Olofsson | Jakob Silfverberg |
| Extra Defensemen |
|---|
| Normal | PowerPlay | Penalty Kill |
|
Nate Schmidt, Lane Hutson, Logan Stanley | Yegor Zamula, Dante Fabbro | Yegor Zamula |
| Penalty Shots |
|---|
|
Ryan Johansen, Jakob Silfverberg, Blake Wheeler, Victor Olofsson, Ilya Mikheyev |
| Goalie |
|---|
| Jack Campbell, Philipp Grubauer |
| Custom OT Lines Forwards |
|---|
|
Jakob Silfverberg, Conor Garland, Rem Pitlick, Victor Olofsson, Ryan Johansen, Andreas Athanasiou, Emil Bemstrom, Ilya Mikheyev, Blake Wheeler, Christian Dvorak |
| Custom OT Lines Defensemen |
|---|
|
Dante Fabbro, Logan Stanley, Yegor Zamula, Lane Hutson, Nate Schmidt |
| Scratches |
|---|
|
Nikita Zaitsev (Healthy), Alex Belzile (Healthy), Anton Forsberg (Healthy) |
Play-by-Play
1st period
0:01 of 1st period - Tyler Seguin wins face-off versus Ryan Johansen in neutral zone.
0:18 of 1st period - Troy Terry is hit by Andreas Athanasiou and loses puck.
0:41 of 1st period - Erik Cernak is hit by Ilya Mikheyev and loses puck.
1:06 of 1st period - Slapshot by Christian Dvorak.
1:06 of 1st period - Shot Blocked by Lars Eller.
1:26 of 1st period - Off-side.
1:27 of 1st period - David Kampf wins face-off versus Blake Wheeler in neutral zone.
1:30 of 1st period - Nate Schmidt is hit by Jordan Greenway and loses puck.
1:35 of 1st period - Snap shot by Vladislav Namestnikov.
1:35 of 1st period - Shot Blocked by Nate Schmidt.
1:43 of 1st period - Snap shot by Jordan Greenway.
1:43 of 1st period - Stopped by Jack Campbell with a rebound.
2:32 of 1st period - Icing by Logan Stanley.
2:33 of 1st period - Sean Couturier wins face-off versus Lars Eller in Jets zone.
2:33 of 1st period - Sean Couturier is hit by Tom Wilson.
3:10 of 1st period - Slapshot by Matt Duchene.
3:10 of 1st period - Stopped by Jack Campbell without a rebound.
3:11 of 1st period - Tyler Seguin wins face-off versus Christian Dvorak in Jets zone.
3:21 of 1st period - Icing by Christian Dvorak.
3:22 of 1st period - Christian Dvorak wins face-off versus Tyler Seguin in Jets zone.
3:22 of 1st period - Christian Dvorak is hit by Nikita Kucherov.
3:28 of 1st period - Slapshot by Rem Pitlick.
3:28 of 1st period - Shot Misses the Net.
3:34 of 1st period - Wrist shot by Nikita Kucherov.
3:34 of 1st period - Stopped by Jack Campbell without a rebound.
3:35 of 1st period - Ryan Johansen wins face-off versus Matt Duchene in Jets zone.
3:56 of 1st period - Minor Penalty to Brenden Dillon for Interference.
3:57 of 1st period - Ryan Johansen wins face-off versus David Kampf in Blue Jackets zone.
3:58 of 1st period - Slapshot by Conor Garland.
3:58 of 1st period - Deflect By Ryan Johansen.
3:58 of 1st period - Shot Blocked by Luke Hughes.
3:58 of 1st period - Puck is out of play.
3:59 of 1st period - Ryan Johansen wins face-off versus David Kampf in Blue Jackets zone.
5:47 of 1st period - Ryan Johansen is hit by Nicolas Hague and loses puck.
5:56 of 1st period - Penalty to Brenden Dillon is over, Brenden Dillon is back on ice.
6:07 of 1st period - Icing by Brenden Dillon.
6:08 of 1st period - Matt Duchene wins face-off versus Christian Dvorak in Blue Jackets zone.
6:54 of 1st period - Ilya Mikheyev is hit by Tom Wilson and loses puck.
7:13 of 1st period - Conor Garland is hit by Jordan Greenway and loses puck.
7:20 of 1st period - Snap shot by David Kampf.
7:20 of 1st period - Shot Misses the Net.
7:35 of 1st period - Off-side.
7:36 of 1st period - Sean Couturier wins face-off versus Matt Duchene in neutral zone.
7:51 of 1st period - Wrist shot by Matvei Michkov.
7:51 of 1st period - Shot Blocked by Nate Schmidt.
8:08 of 1st period - Snap shot by Emil Bemstrom.
8:08 of 1st period - Shot Blocked by Erik Cernak.
8:10 of 1st period - Snap shot by Victor Olofsson.
8:10 of 1st period - Stopped by Filip Gustavsson without a rebound.
8:11 of 1st period - Matt Duchene wins face-off versus Ryan Johansen in Blue Jackets zone.
8:16 of 1st period - Snap shot by David Perron.
8:16 of 1st period - Deflect By Matvei Michkov.
8:16 of 1st period - Shot Blocked by Bowen Byram.
8:16 of 1st period - Puck is out of play.
8:17 of 1st period - Matt Duchene wins face-off versus Ryan Johansen in Jets zone.
8:21 of 1st period - Icing by Lane Hutson.
8:22 of 1st period - Troy Terry wins face-off versus Ryan Johansen in Jets zone.
8:47 of 1st period - Snap shot by Andreas Athanasiou.
8:47 of 1st period - Shot Blocked by Connor Murphy.
8:49 of 1st period - Snap shot by Conor Garland.
8:49 of 1st period - Stopped by Filip Gustavsson with a rebound.
8:51 of 1st period - Snap shot by Conor Garland.
8:51 of 1st period - Shot Misses the Net.
9:03 of 1st period - Snap shot by Ryan Johansen.
9:03 of 1st period - Stopped by Filip Gustavsson with a rebound.
9:05 of 1st period - Snap shot by Bowen Byram.
9:05 of 1st period - Shot Misses the Net.
9:07 of 1st period - Wrist shot by Conor Garland.
9:07 of 1st period - Jets goal is going for a video replay.
9:07 of 1st period - The goal is refused. The puck has been directed, batted or thrown into the net by an attacking player other than with a stick..
9:08 of 1st period - Tyler Seguin wins face-off versus Sean Couturier in Blue Jackets zone.
9:19 of 1st period - Slapshot by Tyler Seguin.
9:19 of 1st period - Deflect By Nikita Kucherov.
9:19 of 1st period - Shot Misses the Net.
9:19 of 1st period - Puck is out of play.
9:20 of 1st period - Sean Couturier wins face-off versus Tyler Seguin in Jets zone.
9:25 of 1st period - Snap shot by Ilya Mikheyev.
9:25 of 1st period - Stopped by Filip Gustavsson without a rebound.
9:26 of 1st period - Sean Couturier wins face-off versus Tyler Seguin in Blue Jackets zone.
9:48 of 1st period - Icing by Josh Manson.
9:49 of 1st period - Victor Olofsson wins face-off versus Tyler Seguin in Blue Jackets zone.
9:54 of 1st period - Wrist shot by Emil Bemstrom.
9:54 of 1st period - Shot Blocked by Brenden Dillon.
9:56 of 1st period - Slapshot by Blake Wheeler.
9:56 of 1st period - Deflect By Victor Olofsson.
9:56 of 1st period - Stopped by Filip Gustavsson with a rebound.
9:58 of 1st period - Snap shot by Emil Bemstrom.
9:58 of 1st period - Stopped by Filip Gustavsson with a rebound.
10:00 of 1st period - Snap shot by Nate Schmidt.
10:00 of 1st period - Stopped by Filip Gustavsson with a rebound.
10:02 of 1st period - Wrist shot by Emil Bemstrom.
10:02 of 1st period - Stopped by Filip Gustavsson without a rebound.
10:03 of 1st period - Sean Couturier wins face-off versus Lars Eller in Blue Jackets zone.
10:39 of 1st period - Icing by Nate Schmidt.
10:40 of 1st period - Blake Wheeler wins face-off versus Tyler Seguin in Jets zone.
11:30 of 1st period - Snap shot by David Kampf.
11:30 of 1st period - Shot Misses the Net.
11:32 of 1st period - Slapshot by Josh Manson.
11:32 of 1st period - Stopped by Jack Campbell with a rebound.
11:34 of 1st period - Slapshot by David Kampf.
11:34 of 1st period - Stopped by Jack Campbell with a rebound.
11:56 of 1st period - Wrist shot by Rem Pitlick.
11:56 of 1st period - Stopped by Filip Gustavsson without a rebound.
11:57 of 1st period - Ryan Johansen wins face-off versus Nikita Kucherov in Blue Jackets zone.
12:15 of 1st period - Lane Hutson is hit by Nicolas Hague.
12:33 of 1st period - Snap shot by David Perron.
12:33 of 1st period - Shot Blocked by Lane Hutson.
12:55 of 1st period - Slapshot by Blake Wheeler.
12:55 of 1st period - Shot Misses the Net.
13:01 of 1st period - Wrist shot by Blake Wheeler.
13:01 of 1st period - Shot Misses the Net.
13:11 of 1st period - Brandon Saad is hit by Dante Fabbro and loses puck.
13:49 of 1st period - Wrist shot by Ilya Mikheyev.
13:49 of 1st period - Shot Misses the Net.
13:51 of 1st period - Slapshot by Yegor Zamula.
13:51 of 1st period - Shot Blocked by Vladislav Namestnikov.
13:53 of 1st period - Snap shot by Sean Couturier.
13:53 of 1st period - Stopped by Filip Gustavsson with a rebound.
13:55 of 1st period - Snap shot by Jakob Silfverberg.
13:55 of 1st period - Shot Blocked by David Kampf.
13:57 of 1st period - Wrist shot by Jakob Silfverberg.
13:57 of 1st period - Shot Misses the Net.
14:27 of 1st period - Matvei Michkov is hit by Ryan Johansen and loses puck.
15:04 of 1st period - Wrist shot by Matvei Michkov.
15:04 of 1st period - Deflect By Conor Garland.
15:04 of 1st period - Shot Misses the Net.
15:04 of 1st period - Puck is out of play.
15:05 of 1st period - Tyler Seguin wins face-off versus Sean Couturier in Jets zone.
15:55 of 1st period - Connor Murphy is hit by Christian Dvorak and loses puck.
16:51 of 1st period - Off-side.
16:52 of 1st period - David Kampf wins face-off versus Ryan Johansen in neutral zone.
17:29 of 1st period - Snap shot by Conor Garland.
17:29 of 1st period - Stopped by Filip Gustavsson with a rebound.
17:31 of 1st period - Snap shot by Conor Garland.
17:31 of 1st period - Stopped by Filip Gustavsson with a rebound.
17:33 of 1st period - Slapshot by Conor Garland.
17:33 of 1st period - Goal by Conor Garland - Blue Jackets : 0 - Jets : 1.
17:34 of 1st period - Tyler Seguin wins face-off versus Blake Wheeler in neutral zone.
17:49 of 1st period - Wrist shot by Blake Wheeler.
17:49 of 1st period - Shot Misses the Net.
18:08 of 1st period - Wrist shot by Jakob Silfverberg.
18:08 of 1st period - Stopped by Filip Gustavsson without a rebound.
18:09 of 1st period - Blake Wheeler wins face-off versus Matt Duchene in Blue Jackets zone.
18:20 of 1st period - Snap shot by Emil Bemstrom.
18:20 of 1st period - Shot Misses the Net.
18:22 of 1st period - Wrist shot by Emil Bemstrom.
18:22 of 1st period - Shot Misses the Net.
18:24 of 1st period - Slapshot by Lane Hutson.
18:24 of 1st period - Shot Blocked by David Perron.
18:30 of 1st period - Minor Penalty to Matvei Michkov for Roughing.
18:31 of 1st period - Ryan Johansen wins face-off versus David Kampf in Blue Jackets zone.
18:32 of 1st period - Wrist shot by Ilya Mikheyev.
18:32 of 1st period - Shot Blocked by David Kampf.
18:34 of 1st period - Wrist shot by Conor Garland.
18:34 of 1st period - Shot Blocked by Erik Cernak.
18:36 of 1st period - Slapshot by Bowen Byram.
18:36 of 1st period - Deflect By Ryan Johansen.
18:36 of 1st period - Stopped by Filip Gustavsson without a rebound.
18:37 of 1st period - David Kampf wins face-off versus Ilya Mikheyev in Blue Jackets zone.
19:32 of 1st period - Slapshot by Tom Wilson.
19:32 of 1st period - Deflect By Vladislav Namestnikov.
19:32 of 1st period - Stopped by Jack Campbell with a rebound.
19:34 of 1st period - Wrist shot by Tom Wilson.
19:34 of 1st period - Goal by Tom Wilson - Blue Jackets : 1 - Jets : 1.
19:35 of 1st period - Ryan Johansen wins face-off versus David Kampf in neutral zone.
19:44 of 1st period - Snap shot by Conor Garland.
19:44 of 1st period - Stopped by Filip Gustavsson with a rebound.
19:56 of 1st period - David Kampf is hit by Conor Garland and loses puck.
Goals for this period are 1 for Blue Jackets vs 1 for Jets.
Shots for this period are 7 for Blue Jackets vs 17 for Jets.
2nd period
0:01 of 2nd period - Ryan Johansen wins face-off versus David Kampf in neutral zone.
0:06 of 2nd period - Wrist shot by Conor Garland.
0:06 of 2nd period - Stopped by Filip Gustavsson with a rebound.
0:30 of 2nd period - Penalty to Matvei Michkov is over, Matvei Michkov is back on ice.
0:40 of 2nd period - Wrist shot by Tom Wilson.
0:40 of 2nd period - Stopped by Jack Campbell without a rebound.
0:41 of 2nd period - Tyler Seguin wins face-off versus Blake Wheeler in Jets zone.
0:44 of 2nd period - Wrist shot by Troy Terry.
0:44 of 2nd period - Stopped by Jack Campbell without a rebound.
0:45 of 2nd period - Blake Wheeler wins face-off versus Tyler Seguin in Jets zone.
1:00 of 2nd period - Wrist shot by Victor Olofsson.
1:00 of 2nd period - Shot Blocked by Troy Terry.
1:31 of 2nd period - Minor Penalty to Sean Couturier for High sticking.
1:32 of 2nd period - Victor Olofsson wins face-off versus Tyler Seguin in Jets zone.
3:31 of 2nd period - Penalty to Sean Couturier is over, Sean Couturier is back on ice.
4:31 of 2nd period - Bowen Byram is hit by Brenden Dillon and loses puck.
4:44 of 2nd period - Troy Terry is hit by Jakob Silfverberg and loses puck.
4:56 of 2nd period - Off-side.
4:57 of 2nd period - Matt Duchene wins face-off versus Ryan Johansen in neutral zone.
5:03 of 2nd period - Minor Penalty to Ryan Johansen for Holding.
5:04 of 2nd period - Victor Olofsson wins face-off versus Matt Duchene in Jets zone.
5:14 of 2nd period - Snap shot by Tom Wilson.
5:14 of 2nd period - Shot Misses the Net.
5:18 of 2nd period - Wrist shot by Troy Terry.
5:18 of 2nd period - Stopped by Jack Campbell without a rebound.
5:19 of 2nd period - Victor Olofsson wins face-off versus Tyler Seguin in Jets zone.
5:24 of 2nd period - Wrist shot by Victor Olofsson.
5:24 of 2nd period - Shot Misses the Net.
5:26 of 2nd period - Slapshot by Logan Stanley.
5:26 of 2nd period - Stopped by Filip Gustavsson with a rebound.
5:43 of 2nd period - Logan Stanley is hit by Tom Wilson and loses puck.
5:54 of 2nd period - Snap shot by Luke Hughes.
5:54 of 2nd period - Shot Misses the Net.
6:24 of 2nd period - David Perron is hit by Zach Aston-Reese and loses puck.
6:53 of 2nd period - Logan Stanley is hit by David Perron.
7:03 of 2nd period - Penalty to Ryan Johansen is over, Ryan Johansen is back on ice.
7:13 of 2nd period - Wrist shot by Conor Garland.
7:13 of 2nd period - Stopped by Filip Gustavsson without a rebound.
7:14 of 2nd period - Ryan Johansen wins face-off versus David Kampf in Blue Jackets zone.
7:29 of 2nd period - Snap shot by Conor Garland.
7:29 of 2nd period - Stopped by Filip Gustavsson with a rebound.
7:31 of 2nd period - Snap shot by Conor Garland.
7:31 of 2nd period - Deflect By David Kampf.
7:31 of 2nd period - Stopped by Filip Gustavsson with a rebound.
7:33 of 2nd period - Wrist shot by Conor Garland.
7:33 of 2nd period - Stopped by Filip Gustavsson with a rebound.
7:34 of 2nd period - Andreas Athanasiou and Josh Manson fight to a draw.
7:34 of 2nd period - Penalty to Andreas Athanasiou for Fighting.
7:34 of 2nd period - Penalty to Josh Manson for Fighting.
7:35 of 2nd period - Tyler Seguin wins face-off versus Sean Couturier in Blue Jackets zone.
7:40 of 2nd period - Wrist shot by Nikita Kucherov.
7:40 of 2nd period - Stopped by Jack Campbell with a rebound.
7:42 of 2nd period - Slapshot by Erik Cernak.
7:42 of 2nd period - Stopped by Jack Campbell with a rebound.
7:44 of 2nd period - Wrist shot by Tyler Seguin.
7:44 of 2nd period - Deflect By Nikita Kucherov.
7:44 of 2nd period - Stopped by Jack Campbell with a rebound.
8:30 of 2nd period - Snap shot by Tom Wilson.
8:30 of 2nd period - Goal by Tom Wilson - Blue Jackets : 2 - Jets : 1.
8:31 of 2nd period - Sean Couturier wins face-off versus Tyler Seguin in neutral zone.
8:46 of 2nd period - Snap shot by Jakob Silfverberg.
8:46 of 2nd period - Shot Misses the Net.
8:56 of 2nd period - Victor Olofsson is hit by Connor Murphy and loses puck.
9:19 of 2nd period - Snap shot by Conor Garland.
9:19 of 2nd period - Stopped by Filip Gustavsson without a rebound.
9:20 of 2nd period - Lars Eller wins face-off versus Ryan Johansen in Blue Jackets zone.
10:16 of 2nd period - Icing by Luke Hughes.
10:17 of 2nd period - Nikita Kucherov wins face-off versus Christian Dvorak in Blue Jackets zone.
10:22 of 2nd period - Nicolas Hague is hit by Rem Pitlick and loses puck.
10:43 of 2nd period - Brenden Dillon is hit by Nate Schmidt and loses puck.
11:13 of 2nd period - Snap shot by David Perron.
11:13 of 2nd period - Stopped by Jack Campbell with a rebound.
11:55 of 2nd period - Snap shot by Ilya Mikheyev.
11:55 of 2nd period - Shot Misses the Net.
12:34 of 2nd period - Emil Bemstrom is hit by Luke Hughes and loses puck.
13:57 of 2nd period - Snap shot by Matvei Michkov.
13:57 of 2nd period - Stopped by Jack Campbell with a rebound.
13:59 of 2nd period - Snap shot by Matt Duchene.
13:59 of 2nd period - Goal by Matt Duchene - Blue Jackets : 3 - Jets : 1.
14:00 of 2nd period - Tyler Seguin wins face-off versus Sean Couturier in neutral zone.
14:33 of 2nd period - Snap shot by Blake Wheeler.
14:33 of 2nd period - Shot Misses the Net.
14:35 of 2nd period - Slapshot by Victor Olofsson.
14:35 of 2nd period - Stopped by Filip Gustavsson with a rebound.
14:37 of 2nd period - Snap shot by Emil Bemstrom.
14:37 of 2nd period - Stopped by Filip Gustavsson with a rebound.
14:39 of 2nd period - Slapshot by Nate Schmidt.
14:39 of 2nd period - Stopped by Filip Gustavsson without a rebound.
14:40 of 2nd period - Ryan Johansen wins face-off versus Tyler Seguin in Blue Jackets zone.
14:47 of 2nd period - Wrist shot by Andreas Athanasiou.
14:47 of 2nd period - Shot Misses the Net.
14:49 of 2nd period - Slapshot by Dante Fabbro.
14:49 of 2nd period - Stopped by Filip Gustavsson with a rebound.
14:51 of 2nd period - Slapshot by Conor Garland.
14:51 of 2nd period - Goal by Conor Garland - Blue Jackets : 3 - Jets : 2.
14:52 of 2nd period - Tyler Seguin wins face-off versus Sean Couturier in neutral zone.
15:47 of 2nd period - Emil Bemstrom is hit by Connor Murphy and loses puck.
16:15 of 2nd period - Slapshot by Nate Schmidt.
16:15 of 2nd period - Deflect By Vladislav Namestnikov.
16:15 of 2nd period - Stopped by Filip Gustavsson without a rebound.
16:16 of 2nd period - Tyler Seguin wins face-off versus Sean Couturier in Blue Jackets zone.
16:20 of 2nd period - Off-side.
16:21 of 2nd period - Tyler Seguin wins face-off versus Sean Couturier in neutral zone.
16:34 of 2nd period - Snap shot by Sean Couturier.
16:34 of 2nd period - Shot Blocked by Josh Manson.
16:36 of 2nd period - Wrist shot by Bowen Byram.
16:36 of 2nd period - Deflect By Jakob Silfverberg.
16:36 of 2nd period - Shot Misses the Net.
16:36 of 2nd period - Puck is out of play.
16:37 of 2nd period - Ryan Johansen wins face-off versus Matt Duchene in Blue Jackets zone.
17:03 of 2nd period - Logan Stanley is hit by Josh Manson and loses puck.
17:46 of 2nd period - David Kampf is hit by Zach Aston-Reese and loses puck.
17:55 of 2nd period - Snap shot by Zach Aston-Reese.
17:55 of 2nd period - Shot Misses the Net.
17:57 of 2nd period - Slapshot by Zach Aston-Reese.
17:57 of 2nd period - Shot Blocked by Jordan Greenway.
17:59 of 2nd period - Wrist shot by Rem Pitlick.
17:59 of 2nd period - Stopped by Filip Gustavsson with a rebound.
18:39 of 2nd period - Wrist shot by Troy Terry.
18:39 of 2nd period - Deflect By Nikita Kucherov.
18:39 of 2nd period - Stopped by Jack Campbell without a rebound.
18:40 of 2nd period - David Perron wins face-off versus Emil Bemstrom in Jets zone.
18:43 of 2nd period - Snap shot by David Perron.
18:43 of 2nd period - Stopped by Jack Campbell without a rebound.
18:44 of 2nd period - Blake Wheeler wins face-off versus Matt Duchene in Jets zone.
18:56 of 2nd period - Minor Penalty to Luke Hughes for Hooking.
18:57 of 2nd period - David Kampf wins face-off versus Ilya Mikheyev in Blue Jackets zone.
19:23 of 2nd period - Jakob Silfverberg is hit by Erik Cernak and loses puck.
Goals for this period are 2 for Blue Jackets vs 1 for Jets.
Shots for this period are 12 for Blue Jackets vs 14 for Jets.
3rd period
0:01 of 3rd period - David Kampf wins face-off versus Ryan Johansen in neutral zone.
0:08 of 3rd period - Snap shot by Conor Garland.
0:08 of 3rd period - Stopped by Filip Gustavsson with a rebound.
0:10 of 3rd period - Wrist shot by Conor Garland.
0:10 of 3rd period - Stopped by Filip Gustavsson with a rebound.
0:12 of 3rd period - Snap shot by Conor Garland.
0:12 of 3rd period - Shot Blocked by Erik Cernak.
0:14 of 3rd period - Slapshot by Lane Hutson.
0:14 of 3rd period - Shot Misses the Net.
0:16 of 3rd period - Snap shot by Bowen Byram.
0:16 of 3rd period - Shot Blocked by Brenden Dillon.
0:40 of 3rd period - Snap shot by Vladislav Namestnikov.
0:40 of 3rd period - Stopped by Jack Campbell without a rebound.
0:41 of 3rd period - Ryan Johansen wins face-off versus David Kampf in Jets zone.
0:54 of 3rd period - Snap shot by Ilya Mikheyev.
0:54 of 3rd period - Shot Misses the Net.
0:56 of 3rd period - Penalty to Luke Hughes is over, Luke Hughes is back on ice.
1:06 of 3rd period - Bowen Byram is hit by Nikita Kucherov and loses puck.
1:53 of 3rd period - Snap shot by Tom Wilson.
1:53 of 3rd period - Stopped by Jack Campbell with a rebound.
1:55 of 3rd period - Slapshot by Connor Murphy.
1:55 of 3rd period - Stopped by Jack Campbell with a rebound.
1:57 of 3rd period - Slapshot by Tom Wilson.
1:57 of 3rd period - Stopped by Jack Campbell without a rebound.
1:58 of 3rd period - Tyler Seguin wins face-off versus Ryan Johansen in Jets zone.
2:01 of 3rd period - Snap shot by Troy Terry.
2:01 of 3rd period - Stopped by Jack Campbell without a rebound.
2:02 of 3rd period - Tyler Seguin wins face-off versus Ryan Johansen in Jets zone.
2:07 of 3rd period - Wrist shot by Nikita Kucherov.
2:07 of 3rd period - Stopped by Jack Campbell without a rebound.
2:08 of 3rd period - Ryan Johansen wins face-off versus Troy Terry in Jets zone.
2:57 of 3rd period - Tyler Seguin is hit by Logan Stanley and loses puck.
3:15 of 3rd period - Minor Penalty to Brenden Dillon for Hooking.
3:16 of 3rd period - Emil Bemstrom wins face-off versus David Kampf in Blue Jackets zone.
3:30 of 3rd period - David Kampf is hit by Jakob Silfverberg and loses puck.
4:46 of 3rd period - Jordan Greenway is hit by Conor Garland and loses puck.
5:15 of 3rd period - Penalty to Brenden Dillon is over, Brenden Dillon is back on ice.
5:20 of 3rd period - Snap shot by Jordan Greenway.
5:20 of 3rd period - Stopped by Jack Campbell with a rebound.
5:22 of 3rd period - Snap shot by Jordan Greenway.
5:22 of 3rd period - Stopped by Jack Campbell with a rebound.
5:24 of 3rd period - Backhand shot by Erik Cernak.
5:24 of 3rd period - Shot Blocked by Zach Aston-Reese.
5:26 of 3rd period - Wrist shot by Jordan Greenway.
5:26 of 3rd period - Deflect By Troy Terry.
5:26 of 3rd period - Shot Misses the Net.
5:26 of 3rd period - Puck is out of play.
5:27 of 3rd period - Matt Duchene wins face-off versus Zach Aston-Reese in Jets zone.
5:40 of 3rd period - Slapshot by Christian Dvorak.
5:40 of 3rd period - Stopped by Filip Gustavsson with a rebound.
5:59 of 3rd period - Wrist shot by Lars Eller.
5:59 of 3rd period - Shot Misses the Net.
6:10 of 3rd period - Off-side.
6:11 of 3rd period - Sean Couturier wins face-off versus Tyler Seguin in neutral zone.
6:14 of 3rd period - Luke Hughes is hit by Ilya Mikheyev and loses puck.
6:19 of 3rd period - Snap shot by Sean Couturier.
6:19 of 3rd period - Shot Misses the Net.
6:25 of 3rd period - Slapshot by Jakob Silfverberg.
6:25 of 3rd period - Shot Misses the Net.
6:37 of 3rd period - Ryan Johansen is hit by Nicolas Hague and loses puck.
6:48 of 3rd period - Snap shot by Matvei Michkov.
6:48 of 3rd period - Shot Blocked by Nate Schmidt.
7:02 of 3rd period - Snap shot by Tom Wilson.
7:02 of 3rd period - Goal by Tom Wilson - Blue Jackets : 4 - Jets : 2.
7:03 of 3rd period - Tyler Seguin wins face-off versus Sean Couturier in neutral zone.
7:55 of 3rd period - Snap shot by Ryan Johansen.
7:55 of 3rd period - Shot Misses the Net.
8:32 of 3rd period - Rem Pitlick is hit by Brenden Dillon and loses puck.
9:13 of 3rd period - Lane Hutson is hit by Matvei Michkov and loses puck.
9:29 of 3rd period - Slapshot by Luke Hughes.
9:29 of 3rd period - Stopped by Jack Campbell without a rebound.
9:30 of 3rd period - Sean Couturier wins face-off versus Tyler Seguin in Jets zone.
10:21 of 3rd period - Wrist shot by Christian Dvorak.
10:21 of 3rd period - Stopped by Filip Gustavsson with a rebound.
10:52 of 3rd period - Snap shot by Ilya Mikheyev.
10:52 of 3rd period - Shot Blocked by Josh Manson.
11:08 of 3rd period - Wrist shot by Matt Duchene.
11:08 of 3rd period - Shot Misses the Net.
11:10 of 3rd period - Slapshot by Josh Manson.
11:10 of 3rd period - Shot Blocked by Bowen Byram.
11:12 of 3rd period - Slapshot by Josh Manson.
11:12 of 3rd period - Deflect By Conor Garland.
11:12 of 3rd period - Stopped by Jack Campbell without a rebound.
11:13 of 3rd period - Sean Couturier wins face-off versus Lars Eller in Jets zone.
11:20 of 3rd period - Snap shot by Brandon Saad.
11:20 of 3rd period - Stopped by Jack Campbell with a rebound.
11:49 of 3rd period - Wrist shot by Matt Duchene.
11:49 of 3rd period - Stopped by Jack Campbell with a rebound.
12:14 of 3rd period - Snap shot by Vladislav Namestnikov.
12:14 of 3rd period - Shot Misses the Net.
12:24 of 3rd period - Wrist shot by Victor Olofsson.
12:24 of 3rd period - Stopped by Filip Gustavsson with a rebound.
12:48 of 3rd period - Lane Hutson is hit by Josh Manson and loses puck.
12:53 of 3rd period - Snap shot by Tom Wilson.
12:53 of 3rd period - Shot Misses the Net.
13:09 of 3rd period - Lane Hutson is hit by Josh Manson and loses puck.
13:54 of 3rd period - Snap shot by Troy Terry.
13:54 of 3rd period - Stopped by Jack Campbell with a rebound.
14:20 of 3rd period - Zach Aston-Reese is hit by David Perron and loses puck.
15:25 of 3rd period - Snap shot by Troy Terry.
15:25 of 3rd period - Stopped by Jack Campbell with a rebound.
15:27 of 3rd period - Wrist shot by Brenden Dillon.
15:27 of 3rd period - Shot Blocked by Logan Stanley.
15:29 of 3rd period - Snap shot by Nikita Kucherov.
15:29 of 3rd period - Shot Hit the Post.
15:31 of 3rd period - Snap shot by Tyler Seguin.
15:31 of 3rd period - Stopped by Jack Campbell without a rebound.
15:32 of 3rd period - Blake Wheeler wins face-off versus Tyler Seguin in Jets zone.
15:32 of 3rd period - Blake Wheeler is hit by Connor Murphy.
15:51 of 3rd period - Victor Olofsson is hit by Brenden Dillon and loses puck.
16:10 of 3rd period - Wrist shot by Brandon Saad.
16:10 of 3rd period - Shot Misses the Net.
17:14 of 3rd period - Emil Bemstrom is hit by Josh Manson.
17:35 of 3rd period - Snap shot by Conor Garland.
17:35 of 3rd period - Deflect By Ryan Johansen.
17:35 of 3rd period - Shot Misses the Net.
17:35 of 3rd period - Puck is out of play.
17:36 of 3rd period - Blake Wheeler wins face-off versus Lars Eller in Blue Jackets zone.
17:51 of 3rd period - Tom Wilson is hit by Emil Bemstrom and loses puck.
18:22 of 3rd period - Off-side.
18:23 of 3rd period - Ryan Johansen wins face-off versus David Kampf in neutral zone.
18:26 of 3rd period - Slapshot by Dante Fabbro.
18:26 of 3rd period - Deflect By Josh Manson.
18:26 of 3rd period - Stopped by Filip Gustavsson without a rebound.
18:27 of 3rd period - David Kampf wins face-off versus Ryan Johansen in Blue Jackets zone.
19:00 of 3rd period - Slapshot by Brenden Dillon.
19:00 of 3rd period - Stopped by Jack Campbell without a rebound.
19:01 of 3rd period - Lars Eller wins face-off versus Christian Dvorak in Jets zone.
19:12 of 3rd period - Connor Murphy is hit by Bowen Byram and loses puck.
19:33 of 3rd period - Wrist shot by Emil Bemstrom.
19:33 of 3rd period - Stopped by Filip Gustavsson with a rebound.
19:35 of 3rd period - Snap shot by Bowen Byram.
19:35 of 3rd period - Stopped by Filip Gustavsson with a rebound.
19:37 of 3rd period - Slapshot by Lane Hutson.
19:37 of 3rd period - Shot Misses the Net.
19:39 of 3rd period - Wrist shot by Blake Wheeler.
19:39 of 3rd period - Stopped by Filip Gustavsson with a rebound.
Goals for this period are 1 for Blue Jackets vs 0 for Jets.
Shots for this period are 17 for Blue Jackets vs 9 for Jets.